 Dungeon Crawl Stone Soup version 0.28-a0-413-gde365fb1df (webtiles) character file.

Game seed: 9166600960291490275

2254 heikuro the Slasher (level 9, -5/71 HPs)
             Began as a Formicid Fighter on Sept 8, 2021.
             Was a Believer of Okawaru.
             Slain by a two-headed ogre (8 damage)
             ... on level 6 of the Dungeon.
             The game lasted 00:11:51 (6602 turns).

heikuro the Slasher (Formicid Fighter)              Turns: 6602, Time: 00:11:52

Health: -5/71      AC: 12    Str: 22    XL:     9   Next: 64%
Magic:  9/11       EV: 11    Int:  9    God:    Okawaru [**....]
Gold:   245        SH: 11    Dex: 11    Spells: 8/8 levels left

rFire   . . .      SeeInvis +   r - +2 whip (elec)
rCold   + . .      Faith    .   t - +0 kite shield
rNeg    . . .      Spirit   .   o - +2 scale mail {rC+}
rPois   .          Reflect  .   (helmet unavailable)
rElec   .          Harm     .   (no cloak)
rCorr   .          Rampage  .   (no gloves)
Will    .....                   e - +0 pair of boots
Stlth   +.........              (no amulet)
HPRegen 0.21/turn               (no ring)
MPRegen 0.12/turn               (no ring)

@: heroic
A: permanent stasis, dig shafts and tunnels, antennae 3, four strong arms
a: Dig, Shaft Self, Renounce Religion, Heroism


You were on level 6 of the Dungeon.
You worshipped Okawaru.
Okawaru was pleased with you.
You visited 2 branches of the dungeon, and saw 7 of its levels.

You collected 245 gold pieces.

Inventory:

Hand Weapons
 a - a +0 long sword
 p - a +1 hand axe of venom
 r - a +2 whip of electrocution (weapon)
Missiles
 q - 13 poisoned darts (quivered)
Armour
 e - a +0 pair of boots (worn)
 o - a +2 scale mail of cold resistance (worn)
 t - a +0 kite shield (worn)
Jewellery
 i - a ring of resist corrosion
Scrolls
 b - a scroll of vulnerability {unknown}
 c - a scroll of noise {unknown}
 f - a scroll of magic mapping {unknown}
 h - a scroll of summoning {unknown}
 j - a scroll of immolation {unknown}
 s - a scroll of blinking {unknown}
 u - a scroll of identify
 v - a scroll of enchant weapon {unknown}
 w - a scroll of holy word {unknown}
Potions
 d - 2 potions of might
 g - 3 potions of heal wounds
 k - 2 potions of curing
 l - a potion of haste {unknown}
 m - a potion of mutation {unknown}
 n - 2 potions of attraction {unknown}


   Skills:
 + Level 6.6(11.6) Fighting
 * Level 7.7(12.7) Long Blades
 + Level 6.5(11.5) Armour
 + Level 7.3(12.3) Shields
 + Level 3.8 Invocations


You had 8 spell levels left.
You didn't know any spells.
Your spell library contained the following spells:

 Spells                   Type           Power      Damage    Failure   Level
 Sting                    Tmut/Pois      0%         1d3       65%         1
 Poisonous Vapours        Pois/Air       0%         N/A       78%         2
 Gell's Gravitas          Tloc           0%         N/A       95%         3
 Lesser Beckoning         Tloc           0%         N/A       95%         3
 Teleport Other           Tloc           0%         N/A       95%         3
 Olgreb's Toxic Radiance  Pois           0%         N/A       100%        4


Dungeon Overview and Level Annotations

Branches:
Dungeon (6/15)             Temple (1/1) D:5

Altars:
Ashenzari
Elyvilon
Gozag
Hepliaklqana
Kikubaaqudgha
Makhleb
Nemelex Xobeh
Okawaru
Qazlal
Ru
Trog
Vehumet
Wu Jian
Yredelemnul
Zin
The Shining One

Shops:
D:6 ?

Annotations:
D:4 3 runed translucent doors, SkeletonJelly's ghost, weakling DjCA


Innate Abilities, Weirdness & Mutations

You cannot be hasted, slowed, berserked, paralysed or teleported.
You can dig through walls and to a lower floor.
You have a pair of large antennae on your head. (SInv)
Your four strong arms can wield two-handed weapons with a shield.


Message History

Press: ? - help, Q - select action, (/) - cycle Shift-Dir - straight line, f/p - two-headed ogre
Aim: a two-headed ogre, wielding a +0 giant spiked club and a +0 giant club (74% to hit)
You throw a poisoned dart.
The poisoned dart hits the two-headed ogre.
The two-headed ogre is poisoned.
Throw: 14 darts (poison)
Press: ? - help, Q - select action, (/) - cycle Shift-Dir - straight line, f/p - two-headed ogre
Aim: a two-headed ogre, wielding a +0 giant spiked club and a +0 giant club (poisoned, 74% to hit)
You throw a poisoned dart.
The poisoned dart barely misses the two-headed ogre.
You gain the combat prowess of a mighty hero.
The two-headed ogre hits you with a +0 giant spiked club!!
The two-headed ogre hits you with a +0 giant club.
You hear the crackle of electricity.
r - a +2 whip of electrocution (weapon)
You hit the two-headed ogre.
Lightning courses through the two-headed ogre!!
The two-headed ogre is heavily wounded.
The two-headed ogre hits you with a +0 giant spiked club!!
* * * LOW HITPOINT WARNING * * *
The two-headed ogre barely misses you.
Unknown command.
You hit the two-headed ogre.
The two-headed ogre is heavily wounded.
The two-headed ogre hits you with a +0 giant spiked club!
* * * LOW HITPOINT WARNING * * *
You block the two-headed ogre's attack.
Unknown command.
The two-headed ogre looks more healthy.
Things that are here:
a +0 club; a gnoll corpse You hit the two-headed ogre.
The two-headed ogre is severely wounded.
Unknown command.
You hit the two-headed ogre.
Lightning courses through the two-headed ogre!
The two-headed ogre is almost dead.
The two-headed ogre misses you.
The two-headed ogre hits you with a +0 giant club!
You die...

..(.....# #.................#
...(.....####.....#.....###..
....(......##............#...
.....(. #....................
.......##.....#####..........
........#.....## #...........
.#.........).).###.?.........
#..........)....รท...........
##...#....O@......#.........
.....#....#....##...........
......#....##...#..#.........
#..................##.###....
#.......##....##....#........
..... ###..............#..
..... #............#.#.. ....
...........##.#..
...............


You could see a two-headed ogre.

Vanquished Creatures
  A wyvern (D:6)
  6 yaks (D:5)
  2 water moccasins
  An ice beast (D:4)
  A black bear (D:4)
  A necrophage (D:5)
  An ogre (D:5)
  2 phantoms (D:5)
  A scorpion (D:4)
  A water moccasin skeleton (D:6)
  A howler monkey (D:5)
  2 jellies (D:5)
  A hound (D:5)
  2 iguanas
  Terence (D:3)
  An orc wizard (D:4)
  Robin (D:2)
  8 adders
  4 gnolls (D:6)
  An ufetubus (D:6)
  An adder zombie (D:5)
  A worm (D:2)
  2 dart slugs
  6 orcs
  6 endoplasms
  2 giant cockroaches (D:1)
  13 goblins
  9 hobgoblins
  12 kobolds
  2 quokkas
  7 ball pythons
  4 bats
  2 frilled lizards
  4 rats
110 creatures vanquished.

Notes
Turn   | Place    | Note
-------+----------+-------------------------------------------
     0 | D:1      | heikuro the Formicid Fighter began the quest for the Orb.
     0 | D:1      | Reached XP level 1. HP: 18/18 MP: 1/1
    44 | D:1      | Reached XP level 2. HP: 15/24 MP: 2/2
   531 | D:1      | Reached XP level 3. HP: 22/29 MP: 3/3
   976 | D:2      | Reached XP level 4. HP: 14/37 MP: 4/4
  1427 | D:2      | Noticed Robin
  1684 | D:2      | Killed Robin
  1942 | D:3      | Noticed Terence
  2131 | D:3      | Reached XP level 5. HP: 40/42 MP: 5/5
  2535 | D:3      | Killed Terence
  3204 | D:4      | Noticed an ice beast
  3221 | D:4      | Killed an ice beast
  3222 | D:4      | Reached XP level 6. HP: 19/49 MP: 6/6
  3486 | D:4      | Found a runed translucent gate.
  3487 | D:4      | Found a runed translucent gate.
  3491 | D:4      | Found a runed translucent gate.
  3555 | D:4      | Noticed SkeletonJelly's ghost (weakling DjCA)
  3713 | D:4      | Noticed a black bear
  3727 | D:4      | Reached skill level 5 in Shields
  3733 | D:4      | Killed a black bear
  3734 | D:4      | Reached XP level 7. HP: 26/55 MP: 7/7
  4432 | D:5      | Entered Level 5 of the Dungeon
  4436 | D:5      | Reached skill level 5 in Long Blades
  4464 | D:5      | Reached skill level 5 in Fighting
  4471 | D:5      | Reached skill level 5 in Armour
  4680 | D:5      | Noticed a water moccasin
  4691 | D:5      | Killed a water moccasin
  4692 | D:5      | Reached XP level 8. HP: 62/62 MP: 8/8
  4711 | D:5      | Found a staircase to the Ecumenical Temple.
  4728 | Temple   | Entered the Ecumenical Temple
  5028 | Temple   | Became a worshipper of Warmaster Okawaru
  5252 | D:5      | Reached skill level 1 in Invocations
  5488 | D:5      | Noticed a yak
  5488 | D:5      | Noticed a yak
  5488 | D:5      | Noticed a yak
  5488 | D:5      | Noticed a yak
  5488 | D:5      | Noticed a yak
  5488 | D:5      | Noticed a yak
  5499 | D:5      | Killed a yak
  5529 | D:5      | Killed a yak
  5529 | D:5      | Reached * piety under Okawaru
  5857 | D:5      | Killed a yak
  5858 | D:5      | Reached XP level 9. HP: 49/69 MP: 10/10
  6155 | D:6      | Found Navvik Xoem's Magic Scroll Shoppe.
  6275 | D:6      | Reached ** piety under Okawaru
  6587 | D:6      | Noticed a two-headed ogre
  6597 | D:6      | HP: 2/71 [two-headed ogre (15)]
  6602 | D:6      | Slain by a two-headed ogre

Illustrated notes

Levels and vault maps discovered:
D:1:      lightli_arrival_noodles, layout_rooms, st_stairs_8,
          kennysheep_nondescript
D:2:      layout_basic, uniq_robin
D:3:      layout_loops_corners, grunt_ministairs_7, nrook_mini_backslash,
          uniq_terence
D:4:      layout_basic, ebering_ghost_rock_garden
D:5:      layout_basic, minmay_temple_entry_wispy
D:6:      layout_cave_pools, serial_shops, nicolae_diamond_shop
Temple:   minmay_temple_bridge_d

Skill      XL: |  1  2  3  4  5  6  7  8  9 |
---------------+----------------------------+-----
Shields        | 4 5 6 7 |  7.3
Long Blades    | 3 4 5 6 7 |  7.7
Fighting       | 4 5 6 |  6.6
Armour         | 4 5 6 |  6.5
Invocations    | 2 3 |  3.8

Action                   |  1- 3 |  4- 6 |  7- 9 || total
-------------------------+-------+-------+-------++-------
Melee: Long sword        |   102 |   115 |    44 ||   261
       Hand axe          |       |    24 |    50 ||    74
       Whip              |       |       |    87 ||    87
Throw: Dart              |       |       |     9 ||     9
Invok: Heroism           |       |       |     1 ||     1
 Abil: Dig               |       |     3 |       ||     3
  Use: Scroll            |       |       |     4 ||     4
Armor: Scale mail        |    32 |    43 |    67 ||   142
       Chain mail        |    29 |    41 |       ||    70
Dodge: Dodged            |    67 |    51 |    76 ||   194
Block: Buckler           |    29 |    32 |     7 ||    68
       Kite shield       |       |       |    76 ||    76

Table legend: (Time is in decaauts)
 A = Elapsed time spent in this place.
 B = Non-inter-level travel time spent in this place.
 C = Inter-level travel time spent in this place.
 D = Time resting spent in this place.
 E = Time spent auto-exploring this place.
 F = Levels seen in this place.
 G = Mean time per level.
                   A        B        C        D        E       F      G
               +--------+--------+--------+--------+--------+-----+--------+
         Total |   6707 |   6167 |    540 |   2046 |   2807 |   7 |  958.1 |
       Dungeon |   6334 |   5941 |    393 |   2046 |   2593 |   6 | 1055.7 |
        Temple |    372 |    225 |    147 |      0 |    214 |   1 |  372.0 |
               +--------+--------+--------+--------+--------+-----+--------+

Top non-repeatable levels by time:
     D:4: 1659 daAuts
     D:3: 1085 daAuts
     D:2: 1070 daAuts
     D:5: 1064 daAuts
     D:1: 984 daAuts
     D:6: 471 daAuts
  Temple: 372 daAuts
